 Dungeon Crawl Stone Soup version 0.21.1-1-g345015f (webtiles) character file.

249 theblackcape the Skirmisher (level 6, -7/53 HPs)
             Began as a Gnoll Wanderer on June 14, 2018.
             Mangled by a gnoll
             ... wielding a +3 spear of freezing
              (10 damage)
             ... on level 4 of the Dungeon.
             The game lasted 00:16:47 (4222 turns).

theblackcape the Skirmisher (Gnoll Wanderer)        Turns: 4222, Time: 00:16:48

Health: -7/53      AC:  6    Str: 17    XL:     6   Next: 12%
Magic:  13/13      EV: 12    Int: 12    God:    Xom [*.....]
Gold:   204        SH:  0    Dex: 16    Spells: 15/15 levels left

rFire    . . .     SeeInvis .   a - +2 spear
rCold    . . .     Gourm    .   (no shield)
rNeg     . . .     Faith    .   g - +0 leather armour
rPois    .         Spirit   .   (no helmet)
rElec    .         Reflect  .   (no cloak)
rCorr    +         Harm     .   (no gloves)
MR       .....                  m - +2 pair of boots
Stlth    ++........             (no amulet)
HPRegen  0.17/turn              e - ring of resist corrosion
MPRegen  0.13/turn              (no ring)

@: no status effects
A: distributed training, fangs 1, strong nose
a: Renounce Religion


You were on level 4 of the Dungeon.
You worshipped Xom.
You were a special plaything of Xom.
You were not hungry.

You visited 1 branch of the dungeon, and saw 5 of its levels.

You collected 204 gold pieces.

Inventory:

Hand Weapons
 a - a +2 spear (weapon)
 j - a cursed +0 spear
 w - a +0 trident
Missiles
 k - a throwing net (quivered)
Armour
 d - a +0 robe
 g - a +0 leather armour (worn)
 m - a +2 pair of boots (worn)
 q - a +2 robe of positive energy
Jewellery
 e - a ring of resist corrosion (left hand)
Scrolls
 h - a scroll of blinking {unknown}
 o - a scroll of magic mapping {unknown}
 p - a scroll of enchant armour
 u - a scroll of enchant weapon
Potions
 c - 2 potions of lignification
 n - a potion of degeneration {unknown}
 r - a potion of curing {unknown}
 s - 2 potions of might {unknown}
 t - 2 potions of ambrosia {unknown}
Comestibles
 f - 6 rations


   Skills:
 + Level 6.8 Fighting
 + Level 1.8 Short Blades
 + Level 1.8 Long Blades
 + Level 1.8 Axes
 + Level 1.8 Maces & Flails
 + Level 1.8 Polearms
 + Level 1.8 Staves
 + Level 1.8 Slings
 + Level 1.8 Bows
 + Level 1.8 Crossbows
 + Level 3.1 Throwing
 + Level 4.9 Armour
 + Level 1.8 Dodging
 + Level 1.8 Stealth
 + Level 1.8 Shields
 + Level 1.8 Unarmed Combat
 + Level 5.3 Spellcasting
 + Level 1.4 Conjurations
 + Level 1.4 Hexes
 + Level 1.4 Charms
 + Level 2.5 Summonings
 + Level 1.4 Necromancy
 + Level 1.4 Translocations
 + Level 1.4 Transmutations
 + Level 1.4 Fire Magic
 + Level 1.4 Ice Magic
 + Level 1.4 Air Magic
 + Level 1.4 Earth Magic
 + Level 1.4 Poison Magic
 + Level 2.0 Invocations
 + Level 3.1 Evocations


You had 15 spell levels left.
You didn't know any spells.

Dungeon Overview and Level Annotations

Branches:
Dungeon (5/15)
 Temple: D:4-7

Altars:
Xom

Annotations:
D:4 Robin


Innate Abilities, Weirdness & Mutations

Your experience applies equally to all skills.
You have very sharp teeth.
Your uncanny sense of smell can sniff out nearby items.


Message History

The gnoll hits you with a spear. The gnoll misses you.
The gnoll hits you from afar with a spear.
The gnoll barely misses you.
Attack whom?
Press: ? - help, Dir - move target cursor, f - gnoll
Aim: a gnoll, wielding a halberd (summoned)
You reach to attack!
You completely miss the gnoll.
The gnoll hits you from afar with a halberd!
* * * LOW HITPOINT WARNING * * *
The gnoll shouts!
You hear a shout!
The gnoll closely misses you.
The gnoll hits you with a spear of freezing!
* * * LOW HITPOINT WARNING * * *
The gnoll freezes you.
* * * LOW HITPOINT WARNING * * *
As you read the scroll of fog, it crumbles to dust.
The scroll dissolves into smoke.
The gnoll barely misses you.
The gnoll hits you with a spear of freezing!
You die...

#....# #...(..#### ###.#
###.## #......g..# ....##
#.# #......##.## .....# #.#
#.....g##gl# ..... #.#
#.....####.# .h... #†#
#####.# .# ..h.#
##.#############.# g#
.÷hh#......†...§§§g.lg.g..#
.#
<.O.#.##......§g@##########
## ...g# #.g....§§§# ###g#
#.......§§# #.. ..........#
#g. h...h......#
#.......#.###### #... #.
..... #


You could see 2 gnolls and a jackal (wandering).

Vanquished Creatures
  An orc priest (D:3)
  A hound skeleton (D:5)
  5 adders
  4 gnolls
  2 oozes
  An adder skeleton (D:4)
  2 worms (D:3)
  A dart slug (D:1)
  4 leopard geckos
  4 orcs
  7 bats
  7 giant cockroaches
  11 goblins
  7 hobgoblins
  9 jackals
  2 quokkas
  2 ball pythons
  5 frilled lizards
  8 kobolds
  16 rats
99 creatures vanquished.

Notes
Turn   | Place    | Note
-------+----------+-------------------------------------------
     0 | D:1      | theblackcape the Gnoll Wanderer began the quest for the Orb.
     0 | D:1      | theblackcape set off with: a +2 spear, a scroll of teleportation, a potion of lignification, a +0 robe, a ration
     0 | D:1      | Reached XP level 1. HP: 23/23 MP: 6/6
   109 | D:1      | Reached XP level 2. HP: 29/29 MP: 7/7
   942 | D:2      | Reached XP level 3. HP: 34/35 MP: 9/9
   946 | D:2      | Reached skill level 5 in Spellcasting
  1116 | D:2      | Reached skill level 1 in Invocations
  1239 | D:2      | Reached skill level 1 in Short Blades
  1239 | D:2      | Reached skill level 1 in Long Blades
  1239 | D:2      | Reached skill level 1 in Axes
  1239 | D:2      | Reached skill level 1 in Maces & Flails
  1239 | D:2      | Reached skill level 1 in Polearms
  1239 | D:2      | Reached skill level 1 in Staves
  1239 | D:2      | Reached skill level 1 in Slings
  1239 | D:2      | Reached skill level 1 in Bows
  1239 | D:2      | Reached skill level 1 in Crossbows
  1239 | D:2      | Reached skill level 1 in Dodging
  1239 | D:2      | Reached skill level 1 in Stealth
  1239 | D:2      | Reached skill level 1 in Shields
  1239 | D:2      | Reached skill level 1 in Unarmed Combat
  1258 | D:2      | Reached XP level 4. HP: 37/41 MP: 11/11
  1494 | D:2      | Found a shimmering altar of Xom.
  1505 | D:2      | Became a worshipper of Xom of Chaos
  1680 | D:2      | XOM: divination: detect items
  1971 | D:3      | Reached skill level 1 in Conjurations
  1971 | D:3      | Reached skill level 1 in Hexes
  1971 | D:3      | Reached skill level 1 in Charms
  1971 | D:3      | Reached skill level 1 in Necromancy
  1971 | D:3      | Reached skill level 1 in Translocations
  1971 | D:3      | Reached skill level 1 in Transmutations
  1971 | D:3      | Reached skill level 1 in Fire Magic
  1971 | D:3      | Reached skill level 1 in Ice Magic
  1971 | D:3      | Reached skill level 1 in Air Magic
  1971 | D:3      | Reached skill level 1 in Earth Magic
  1971 | D:3      | Reached skill level 1 in Poison Magic
  2020 | D:3      | XOM: divination: detect items
  2037 | D:3      | XOM: harmless Necr miscast
  2046 | D:3      | XOM: noise
  2053 | D:2      | XOM: harmless Summ miscast
  2635 | D:3      | Reached XP level 5. HP: 26/47 MP: 12/12
  2883 | D:3      | XOM is BORED!
  2883 | D:3      | XOM: mild Air miscast
  2963 | D:3      | XOM: divination: magic mapping
  3019 | D:3      | XOM: 4-stop teleportation journey
  3087 | D:3      | XOM: butterfly on damage
  3171 | D:3      | XOM: mild Ice miscast
  3304 | D:3      | XOM: scenery: 2 doors close
  3717 | D:4      | Noticed an ogre
  3718 | D:4      | XOM: repel stairs
  3815 | D:4      | Noticed Robin
  3815 | D:4      | Noticed a centaur
  3829 | D:5      | Entered Level 5 of the Dungeon
  3838 | D:5      | Reached XP level 6. HP: 47/53 MP: 13/13
  4081 | D:4      | XOM: 1-stop teleportation journey
  4201 | D:4      | XOM: summons 3 hostile shadow creatures
  4222 | D:4      | Mangled by a gnoll

Skill      XL: |  1  2  3  4  5  6 |
---------------+-------------------+-----
Summonings     | 2 |  2.5
Spellcasting   | 5 |  5.3
Invocations    | 1 2 |  2.0
Short Blades   | 1 |  1.8
Long Blades    | 1 |  1.8
Axes           | 1 |  1.8
Maces & Flails | 1 |  1.8
Polearms       | 1 |  1.8
Staves         | 1 |  1.8
Slings         | 1 |  1.8
Bows           | 1 |  1.8
Crossbows      | 1 |  1.8
Dodging        | 1 |  1.8
Stealth        | 1 |  1.8
Shields        | 1 |  1.8
Unarmed Combat | 1 |  1.8
Conjurations   | 1 |  1.4
Hexes          | 1 |  1.4
Charms         | 1 |  1.4
Necromancy     | 1 |  1.4
Translocations | 1 |  1.4
Transmutations | 1 |  1.4
Fire Magic     | 1 |  1.4
Ice Magic      | 1 |  1.4
Air Magic      | 1 |  1.4
Earth Magic    | 1 |  1.4
Poison Magic   | 1 |  1.4
Throwing       | 3 |  3.1
Evocations     | 3 |  3.1
Fighting       | |  6.8
Armour         | |  4.9

Action                   |  1- 3 |  4- 6 || total
-------------------------+-------+-------++-------
Melee: Spear             |   109 |   232 ||   341
       Bite              |    12 |    25 ||    37
       Punch             |       |     2 ||     2
  Use: Scroll            |     1 |    11 ||    12
 Stab: Sleeping          |     2 |     6 ||     8
  Eat: Chunk             |     1 |     8 ||     9
       Ration            |       |     1 ||     1
Armor: Leather armour    |    35 |    78 ||   113
Dodge: Dodged            |    52 |   136 ||   188
